Blues vs Golden Knights (R4)

Created - 18 janvier 2021 at 20:22

Goals
1 2 3 T
Blues 1 0 1 2
Golden Knights 2 1 2 5
Shots
1 2 3 T
Blues 9 9 8 26
Golden Knights 13 5 10 28

1st period

1. Golden Knights , Jake Guentzel 12 (Claude Giroux 22, Artemi Panarin 22) at 6:54
2. Golden Knights , Claude Giroux 15 (Artemi Panarin 23) at 11:04
3. Blues , Sean Couturier 16 (Seth Jones 29) at 11:44

Penalties :
Dougie Hamilton (STL) for Tripping (Minor) at 2:32, Anthony Beauvillier (VGK) for Fighting (Major) at 8:47, P.K. Subban (STL) for Fighting (Major) at 8:47, Tomas Hertl (VGK) for Cross-checking (Minor) at 8:47, Seth Jones (STL) for High sticking (Minor) at 8:47, Miro Heiskanen (VGK) for Hooking (Minor) at 8:47, MacKenzie Weegar (STL) for Hooking (Minor) at 14:14, Marcus Foligno (VGK) for Holding (Minor) at 16:15

2nd period

4. Golden Knights , Jake Guentzel 13 (Claude Giroux 23) at 11:36

Penalties :
Devon Toews (VGK) for Roughing (Minor) at 4:36, Tomas Hertl (VGK) for Tripping (Minor) at 17:13

3rd period

5. Blues , Jordan Staal 3 (Seth Jones 30, Christian Dvorak 17) at 1:15
6. Golden Knights , Marcus Foligno 5 (Zach Werenski 24, Tyson Barrie 16) at 4:11 (SH)
7. Golden Knights , Riley Sheahan 5 (Marcus Foligno 6, Alex Steen 3) at 13:11

Penalties :
Anthony Beauvillier (VGK) for Fighting (Major) at 2:41, Ryan Pulock (STL) for Fighting (Major) at 2:41, Mathew Dumba (VGK) for Fighting (Major) at 2:41, Dougie Hamilton (STL) for Fighting (Major) at 2:41, Miro Heiskanen (VGK) for Cross-checking (Minor) at 2:41, Mikko Rantanen (STL) for High sticking (Minor) at 2:41, Tomas Hertl (VGK) for Hooking (Minor) at 2:41

Goalie Stats

Brian Elliott (STL), 23 saves from 28 shots - (0,821), L, 4-1-0, 60:00 minutes
Ilya Samsonov (VGK), 24 saves from 26 shots - (0,923), W, 13-5-3, 60:00 minutes

Players Stats for Blues

Player Name              G  A  P  +/- PIM S  H  SB GA TA FO     MP     PP MP  PK MP  
------------------------------------------------------------------------------------
Anthony Mantha           0  0  0   0  0   2  1  0  0  0  0/0    17:33   2:57   0:00 
Christian Dvorak         0  1  1  -1  0   2  2  0  0  0  5/11   16:07   3:00   1:07 
Colin Miller             0  0  0  -3  0   0  2  0  0  0  0/0    16:41   0:00   0:00 
Dougie Hamilton          0  0  0  -1  7   1  1  1  0  0  0/0    20:48   2:45   1:20 
Jack Eichel              0  0  0  -1  0   4  3  0  0  0  11/27  19:56   3:37   0:00 
Johnny Gaudreau          0  0  0  -2  0   0  0  0  0  0  0/0    17:40   3:00   1:07 
Jordan Staal             1  0  1  -1  0   2  4  0  0  0  4/7    15:21   0:20   2:09 
Josh Bailey              0  0  0  -1  0   0  0  0  0  0  1/2    17:07   2:57   0:00 
MacKenzie Weegar         0  0  0  -2  2   1  3  0  0  0  0/0    16:07   0:00   0:00 
Martin Necas             0  0  0  -1  0   3  0  0  0  0  0/0     6:19   0:00   0:00 
Michael Chaput           0  0  0  -1  0   0  2  0  0  0  6/9     7:01   0:00   0:42 
Mikko Rantanen           0  0  0  -1  2   6  0  0  0  0  1/1    17:29   3:12   0:00 
Miles Wood               0  0  0   1  0   2  3  0  0  0  0/2    14:28   0:00   0:42 
P.K. Subban              0  0  0   1  5   0  1  1  0  0  0/0    18:35   0:00   1:58 
Ryan Pulock              0  0  0  -1  5   0  0  1  0  0  0/0    20:32   2:45   2:24 
Sean Couturier           1  0  1   1  0   1  0  0  0  0  13/19  17:46   2:00   0:00 
Seth Jones               0  2  2   0  2   2  2  1  0  0  0/0    23:59   3:12   2:14 
Trevor Lewis             0  0  0  -1  0   0  0  0  0  0  0/1     8:28   0:00   2:09 

Players Stats for Golden Knights

Player Name              G  A  P  +/- PIM S  H  SB GA TA FO     MP     PP MP  PK MP  
------------------------------------------------------------------------------------
Alex Steen               0  1  1   1  0   0  0  0  0  0  1/1     7:37   0:11   1:14 
Anthony Beauvillier      0  0  0  -1  10  1  3  0  0  0  2/2    13:12   0:00   1:02 
Artemi Panarin           0  2  2   3  0   1  0  0  0  0  1/1    20:52   1:35   0:48 
Calle Jarnkrok           0  0  0   0  0   1  1  0  0  0  0/1    12:09   1:24   2:11 
Claude Giroux            1  2  3   2  0   3  0  0  0  0  14/24  21:32   2:23   0:00 
Deryk Engelland          0  0  0   2  0   0  3  1  0  0  0/0    15:11   0:00   0:54 
Devon Toews              0  0  0   1  2   0  0  0  0  0  0/0    14:31   0:00   1:35 
Jake Guentzel            2  0  2   3  0   6  2  0  0  0  0/0    20:52   2:23   0:00 
Marcus Foligno           1  1  2   2  2   2  1  0  0  0  0/1     8:10   0:00   2:34 
Mathew Barzal            0  0  0  -2  0   1  1  1  0  0  7/20   15:42   1:35   0:00 
Mathew Dumba             0  0  0  -1  5   0  2  1  0  0  0/0    20:00   1:40   3:48 
Miro Heiskanen           0  0  0  -1  4   1  1  0  0  0  0/0    20:36   1:40   2:47 
Nico Hischier            0  0  0   0  0   2  1  0  0  0  7/11   11:42   0:00   3:08 
Riley Sheahan            1  0  1   1  0   2  1  0  0  0  5/14    9:52   0:00   4:55 
Tomas Hertl              0  0  0  -2  6   3  0  0  0  0  1/2    16:27   2:23   0:00 
Tyson Barrie             0  1  1   2  0   2  5  3  0  0  0/0    24:02   2:18   5:08 
Viktor Arvidsson         0  0  0   0  0   0  1  0  0  0  0/2     8:34   0:00   0:00 
Zach Werenski            0  1  1   3  0   3  2  3  0  0  0/0    24:56   2:18   5:38 

3 Stars

1 - Jake Guentzel (VGK)
2 - Claude Giroux (VGK)
3 - Tyson Barrie (VGK)

Power Play

Blues - 0 on 5 Attempt(s) - 0,00%
Golden Knights - 0 on 2 Attempt(s) - 0,00%

Penalty Kill

Blues - 2 on 2 Attempt(s) - 100,00% - Score 0 goal in Penalty Kill
Golden Knights - 5 on 5 Attempt(s) - 100,00% - Score 1 goal in Penalty Kill

Team Stat

Blues - Hits : 24 - Faceoff Wins : 41 - Blocked Shots : 4 - Penalty Minutes : 23
Golden Knights - Hits : 24 - Faceoff Wins : 38 - Blocked Shots : 9 - Penalty Minutes : 29

Official

Referees : Ryan Hersey and Jim Curtin
Linesman : Trent Knorr and Shandor Alphonso

Game Notes

General Fight at 8:47 of 1st period
Anthony Beauvillier and P.K. Subban fight to a draw at 8:47 of 1st period
General Fight at 2:41 of 3rd period
Anthony Beauvillier beats up Ryan Pulock at 2:41 of 3rd period
Mathew Dumba and Dougie Hamilton fight to a draw at 2:41 of 3rd period

Finance

Level 1 -- Attendance: 6473 (99,58%) -- Ticket Income 712 030 $
Level 2 -- Attendance: 4924 (98,48%) -- Ticket Income 403 768 $
Level 3 -- Attendance: 2878 (82,23%) -- Ticket Income 181 314 $
Level 4 -- Attendance: 3049 (86,20%) -- Ticket Income 60 980 $
Luxury Box -- Attendance: 924 (92,40%) -- Ticket Income 207 900 $
Game was played at the T-Mobile Arena.
Total Attendance: 18248 (93,40%)
Total Ticket Income: 1 565 992 $
Other Income: 767 336 $
Total Income: 2 333 328 $

% Time on Ice - Blues

Lines # - Real PCT - Wanted PCT - Time Play
Normal Forward
1 - 31% - 36% - 14:10
2 - 26% - 29% - 11:52
3 - 30% - 29% - 13:46
4 - 14% - 6% - 6:19
Normal Defense
1 - 34% - 40% - 15:27
2 - 38% - 40% - 17:33
3 - 28% - 20% - 13:07
4 - 0% - 0% - 0:00
PP Forward
1 - 50% - 55% - 2:57
2 - 50% - 45% - 3:00
PP Defense
1 - 46% - 55% - 2:45
2 - 54% - 45% - 3:12
PK Forward
1 - 82% - 60% - 3:16
2 - 18% - 40% - 0:42
PK Defense
1 - 39% - 60% - 1:34
2 - 61% - 40% - 2:24
PK3 Forward
1 - 0% - 50%
2 - 0% - 50%
PK3 Defense
1 - 0% - 70%
2 - 0% - 30%
44 Forward
1 - 75% - 60% - 2:58
2 - 25% - 40% - 1:00
44 Defense
1 - 63% - 60% - 2:29
2 - 37% - 40% - 1:29
Last Minute Offensive  - 0:00
Last Minute Defensive  - 0:00
Total
Forward - 60:00
Defense - 60:00

% Time on Ice - Golden Knights

Lines # - Real PCT - Wanted PCT - Time Play
Normal Forward
1 - 40% - 40% - 18:29
2 - 31% - 30% - 14:07
3 - 19% - 20% - 8:34
4 - 11% - 10% - 4:57
Normal Defense
1 - 32% - 40% - 14:59
2 - 35% - 30% - 16:11
3 - 28% - 20% - 12:56
4 - 4% - 10% - 2:01
PP Forward
1 - 60% - 60% - 2:23
2 - 40% - 40% - 1:35
PP Defense
1 - 58% - 60% - 2:18
2 - 42% - 40% - 1:40
PK Forward
1 - 63% - 60% - 3:46
2 - 37% - 40% - 2:11
PK Defense
1 - 53% - 60% - 3:10
2 - 47% - 40% - 2:47
PK3 Forward
1 - 76% - 60% - 3:01
2 - 24% - 40% - 0:57
PK3 Defense
1 - 13% - 60% - 0:30
2 - 87% - 40% - 3:28
44 Forward
1 - 0% - 60%
2 - 0% - 40%
44 Defense
1 - 0% - 60%
2 - 0% - 40%
Last Minute Offensive  - 0:00
Last Minute Defensive  - 0:00
Total
Forward - 60:00
Defense - 60:00

Play-by-Play

1st period


0:01 of 1st period - Claude Giroux wins face-off versus Jack Eichel in neutral zone.
0:28 of 1st period - Shot by Jake Guentzel.
0:28 of 1st period - Shot Blocked by Seth Jones.
1:20 of 1st period - Shot by Tomas Hertl.
1:20 of 1st period - Shot Hit the Post.
1:45 of 1st period - Nico Hischier is hit by Colin Miller and loses puck.
1:54 of 1st period - Shot by Anthony Mantha.
1:54 of 1st period - Stopped by Ilya Samsonov without a rebound.
1:55 of 1st period - Michael Chaput wins face-off versus Riley Sheahan in Golden Knights zone.
1:55 of 1st period - Martin Necas is hit by Tyson Barrie and loses puck.
2:07 of 1st period - Tyson Barrie is hit by Michael Chaput and loses puck.
2:11 of 1st period - Off-side.
2:12 of 1st period - Sean Couturier wins face-off versus Claude Giroux in neutral zone.
2:31 of 1st period - Shot by Jake Guentzel.
2:31 of 1st period - Stopped by Brian Elliott without a rebound.
2:32 of 1st period - Nico Hischier wins face-off versus Jack Eichel in Blues zone.
2:32 of 1st period - Minor Penalty to Dougie Hamilton for Tripping.
2:33 of 1st period - Tomas Hertl wins face-off versus Trevor Lewis in Blues zone.
2:47 of 1st period - Icing by Tomas Hertl.
2:48 of 1st period - Claude Giroux wins face-off versus Jordan Staal in Golden Knights zone.
3:01 of 1st period - Shot by Jake Guentzel.
3:01 of 1st period - Stopped by Brian Elliott with a rebound.
3:03 of 1st period - Shot by Zach Werenski.
3:03 of 1st period - Shot Misses the Net.
3:05 of 1st period - Shot by Tyson Barrie.
3:05 of 1st period - Stopped by Brian Elliott without a rebound.
3:06 of 1st period - Michael Chaput wins face-off versus Mathew Barzal in Blues zone.
3:06 of 1st period - Michael Chaput is hit by Mathew Barzal.
3:16 of 1st period - Shot by Miles Wood.
3:16 of 1st period - Shot Blocked by Mathew Dumba.
3:25 of 1st period - Shot by Mathew Dumba.
3:25 of 1st period - Shot Misses the Net.
3:27 of 1st period - Shot by Mathew Barzal.
3:27 of 1st period - Stopped by Brian Elliott without a rebound.
3:28 of 1st period - Jordan Staal wins face-off versus Claude Giroux in Blues zone.
3:28 of 1st period - Ryan Pulock is hit by Jake Guentzel and loses puck.
3:35 of 1st period - Shot by Jake Guentzel.
3:35 of 1st period - Stopped by Brian Elliott without a rebound.
3:36 of 1st period - Claude Giroux wins face-off versus Jordan Staal in Blues zone.
3:36 of 1st period - Claude Giroux is hit by Seth Jones.
4:00 of 1st period - Shot by Zach Werenski.
4:00 of 1st period - Shot Blocked by P.K. Subban.
4:02 of 1st period - Shot by Zach Werenski.
4:02 of 1st period - Stopped by Brian Elliott without a rebound.
4:03 of 1st period - Jordan Staal wins face-off versus Mathew Barzal in Blues zone.
4:18 of 1st period - Shot by Miro Heiskanen.
4:18 of 1st period - Stopped by Brian Elliott without a rebound.
4:19 of 1st period - Jordan Staal wins face-off versus Claude Giroux in Blues zone.
4:35 of 1st period - Marcus Foligno is hit by Miles Wood and loses puck.
4:45 of 1st period - Off-side.
4:46 of 1st period - Mikko Rantanen wins face-off versus Claude Giroux in neutral zone.
4:51 of 1st period - Icing by Zach Werenski.
4:52 of 1st period - Jack Eichel wins face-off versus Claude Giroux in Golden Knights zone.
5:18 of 1st period - Shot by Jack Eichel.
5:18 of 1st period - Stopped by Ilya Samsonov without a rebound.
5:19 of 1st period - Mathew Barzal wins face-off versus Christian Dvorak in Golden Knights zone.
5:36 of 1st period - Off-side.
5:37 of 1st period - Nico Hischier wins face-off versus Sean Couturier in neutral zone.
5:39 of 1st period - Off-side.
5:40 of 1st period - Sean Couturier wins face-off versus Calle Jarnkrok in neutral zone.
5:40 of 1st period - Ryan Pulock is hit by Nico Hischier and loses puck.
6:03 of 1st period - Off-side.
6:04 of 1st period - Jack Eichel wins face-off versus Claude Giroux in neutral zone.
6:09 of 1st period - Shot by Jack Eichel.
6:09 of 1st period - Stopped by Ilya Samsonov without a rebound.
6:10 of 1st period - Christian Dvorak wins face-off versus Mathew Barzal in Golden Knights zone.
6:48 of 1st period - Shot by Tomas Hertl.
6:48 of 1st period - Stopped by Brian Elliott without a rebound.
6:49 of 1st period - Claude Giroux wins face-off versus Jack Eichel in Blues zone.
6:50 of 1st period - Shot by Artemi Panarin.
6:50 of 1st period - Shot Misses the Net.
6:52 of 1st period - Shot by Claude Giroux.
6:52 of 1st period - Shot Misses the Net.
6:54 of 1st period - Shot by Jake Guentzel.
6:54 of 1st period - Goal by Jake Guentzel - Blues : 0 - Golden Knights : 1.
6:55 of 1st period - Claude Giroux wins face-off versus Jack Eichel in neutral zone.
7:00 of 1st period - Shot by Jack Eichel.
7:00 of 1st period - Stopped by Ilya Samsonov without a rebound.
7:01 of 1st period - Claude Giroux wins face-off versus Miles Wood in Golden Knights zone.
7:27 of 1st period - Miles Wood is hit by Tyson Barrie and loses puck.
7:36 of 1st period - Shot by Tyson Barrie.
7:36 of 1st period - Shot Misses the Net.
8:28 of 1st period - Shot by Devon Toews.
8:28 of 1st period - Shot Misses the Net.
8:47 of 1st period - Anthony Beauvillier and P.K. Subban fight to a draw.
8:47 of 1st period - Penalty to Anthony Beauvillier for Fighting.
8:47 of 1st period - Penalty to P.K. Subban for Fighting.
8:47 of 1st period - Minor Penalty to Tomas Hertl for Cross-checking.
8:47 of 1st period - Minor Penalty to Seth Jones for High sticking.
8:47 of 1st period - Minor Penalty to Miro Heiskanen for Hooking.
8:48 of 1st period - Riley Sheahan wins face-off versus Sean Couturier in Golden Knights zone.
8:55 of 1st period - Dougie Hamilton is hit by Riley Sheahan and loses puck.
9:54 of 1st period - Shot by Jack Eichel.
9:54 of 1st period - Shot Blocked by Tyson Barrie.
10:54 of 1st period - Shot by Claude Giroux.
10:54 of 1st period - Stopped by Brian Elliott without a rebound.
10:55 of 1st period - Claude Giroux wins face-off versus Michael Chaput in Blues zone.
11:04 of 1st period - Shot by Claude Giroux.
11:04 of 1st period - Goal by Claude Giroux - Blues : 0 - Golden Knights : 2.
11:05 of 1st period - Michael Chaput wins face-off versus Mathew Barzal in neutral zone.
11:13 of 1st period - Shot by Martin Necas.
11:13 of 1st period - Stopped by Ilya Samsonov without a rebound.
11:14 of 1st period - Sean Couturier wins face-off versus Mathew Barzal in Golden Knights zone.
11:26 of 1st period - Shot by Sean Couturier.
11:26 of 1st period - Shot Hit the Post.
11:44 of 1st period - Shot by Sean Couturier.
11:44 of 1st period - Goal by Sean Couturier - Blues : 1 - Golden Knights : 2.
11:45 of 1st period - Nico Hischier wins face-off versus Christian Dvorak in neutral zone.
11:45 of 1st period - Calle Jarnkrok is hit by Jordan Staal and loses puck.
11:55 of 1st period - Zach Werenski is hit by Jordan Staal.
12:07 of 1st period - Tyson Barrie is hit by MacKenzie Weegar.
12:17 of 1st period - Shot by Zach Werenski.
12:17 of 1st period - Stopped by Brian Elliott without a rebound.
12:18 of 1st period - Jack Eichel wins face-off versus Claude Giroux in Blues zone.
12:49 of 1st period - Shot by Dougie Hamilton.
12:49 of 1st period - Stopped by Ilya Samsonov without a rebound.
12:50 of 1st period - Sean Couturier wins face-off versus Mathew Barzal in Golden Knights zone.
12:59 of 1st period - Shot by Miles Wood.
12:59 of 1st period - Shot Blocked by Zach Werenski.
13:13 of 1st period - Icing by Sean Couturier.
13:14 of 1st period - Sean Couturier wins face-off versus Viktor Arvidsson in Blues zone.
13:14 of 1st period - Sean Couturier is hit by Viktor Arvidsson.
13:36 of 1st period - Shot by Miles Wood.
13:36 of 1st period - Shot Misses the Net.
13:45 of 1st period - Calle Jarnkrok is hit by MacKenzie Weegar and loses puck.
13:54 of 1st period - Shot by Viktor Arvidsson.
13:54 of 1st period - Shot Hit the Post.
14:14 of 1st period - Minor Penalty to MacKenzie Weegar for Hooking.
14:15 of 1st period - Jordan Staal wins face-off versus Claude Giroux in Blues zone.
15:26 of 1st period - Shot by Mathew Barzal.
15:26 of 1st period - Shot Misses the Net.
15:28 of 1st period - Shot by Zach Werenski.
15:28 of 1st period - Shot Blocked by Dougie Hamilton.
16:02 of 1st period - Shot by Tomas Hertl.
16:02 of 1st period - Stopped by Brian Elliott without a rebound.
16:03 of 1st period - Mathew Barzal wins face-off versus Jordan Staal in Blues zone.
16:15 of 1st period - Minor Penalty to Marcus Foligno for Holding.
16:16 of 1st period - Alex Steen wins face-off versus Josh Bailey in Golden Knights zone.
16:22 of 1st period - Icing by Seth Jones.
16:23 of 1st period - Riley Sheahan wins face-off versus Jack Eichel in Blues zone.
18:27 of 1st period - Claude Giroux is hit by Colin Miller.
18:31 of 1st period - Shot by Artemi Panarin.
18:31 of 1st period - Deflect By Jake Guentzel.
18:31 of 1st period - Shot Misses the Net.
18:34 of 1st period - Icing by MacKenzie Weegar.
18:35 of 1st period - Michael Chaput wins face-off versus Mathew Barzal in Blues zone.
19:27 of 1st period - Shot by Miles Wood.
19:27 of 1st period - Shot Blocked by Deryk Engelland.
19:31 of 1st period - Shot by Sean Couturier.
19:31 of 1st period - Shot Misses the Net.
19:33 of 1st period - Shot by Ryan Pulock.
19:33 of 1st period - Shot Misses the Net.
19:35 of 1st period - Shot by Miles Wood.
19:35 of 1st period - Stopped by Ilya Samsonov without a rebound.
19:36 of 1st period - Christian Dvorak wins face-off versus Claude Giroux in Golden Knights zone.
19:59 of 1st period - Shot by Christian Dvorak.
19:59 of 1st period - Stopped by Ilya Samsonov without a rebound.
Goals for this period are 1 for Blues vs 2 for Golden Knights.
Shots for this period are 9 for Blues vs 13 for Golden Knights.

2nd period


0:01 of 2nd period - Claude Giroux wins face-off versus Jack Eichel in neutral zone.
0:11 of 2nd period - Shot by Claude Giroux.
0:11 of 2nd period - Shot Misses the Net.
0:13 of 2nd period - Shot by Zach Werenski.
0:13 of 2nd period - Shot Blocked by Ryan Pulock.
0:40 of 2nd period - Icing by Ryan Pulock.
0:41 of 2nd period - Mathew Barzal wins face-off versus Jack Eichel in Blues zone.
1:14 of 2nd period - Jordan Staal is hit by Anthony Beauvillier and loses puck.
1:48 of 2nd period - Shot by Johnny Gaudreau.
1:48 of 2nd period - Shot Misses the Net.
2:02 of 2nd period - Shot by Miles Wood.
2:02 of 2nd period - Shot Misses the Net.
2:48 of 2nd period - Shot by Jake Guentzel.
2:48 of 2nd period - Stopped by Brian Elliott with a rebound.
3:07 of 2nd period - Icing by Colin Miller.
3:08 of 2nd period - Nico Hischier wins face-off versus Miles Wood in Blues zone.
3:10 of 2nd period - Viktor Arvidsson is hit by MacKenzie Weegar.
3:14 of 2nd period - Shot by Nico Hischier.
3:14 of 2nd period - Stopped by Brian Elliott without a rebound.
3:15 of 2nd period - Riley Sheahan wins face-off versus Jack Eichel in Blues zone.
4:13 of 2nd period - Seth Jones is hit by Marcus Foligno.
4:17 of 2nd period - Alex Steen is hit by Jordan Staal and loses puck.
4:36 of 2nd period - Minor Penalty to Devon Toews for Roughing.
4:37 of 2nd period - Jack Eichel wins face-off versus Nico Hischier in Golden Knights zone.
4:38 of 2nd period - Shot by Dougie Hamilton.
4:38 of 2nd period - Shot Misses the Net.
5:30 of 2nd period - Shot by Seth Jones.
5:30 of 2nd period - Shot Blocked by Tyson Barrie.
5:49 of 2nd period - Shot by Mikko Rantanen.
5:49 of 2nd period - Stopped by Ilya Samsonov without a rebound.
5:50 of 2nd period - Anthony Beauvillier wins face-off versus Jack Eichel in Golden Knights zone.
6:03 of 2nd period - Shot by Jack Eichel.
6:03 of 2nd period - Stopped by Ilya Samsonov without a rebound.
6:04 of 2nd period - Sean Couturier wins face-off versus Riley Sheahan in Golden Knights zone.
6:57 of 2nd period - Shot by MacKenzie Weegar.
6:57 of 2nd period - Stopped by Ilya Samsonov without a rebound.
6:58 of 2nd period - Sean Couturier wins face-off versus Mathew Barzal in Golden Knights zone.
7:04 of 2nd period - Sean Couturier is hit by Mathew Dumba.
9:14 of 2nd period - Off-side.
9:15 of 2nd period - Christian Dvorak wins face-off versus Viktor Arvidsson in neutral zone.
9:18 of 2nd period - Devon Toews is hit by Christian Dvorak and loses puck.
9:27 of 2nd period - Shot by Nico Hischier.
9:27 of 2nd period - Stopped by Brian Elliott without a rebound.
9:28 of 2nd period - Sean Couturier wins face-off versus Marcus Foligno in Blues zone.
9:32 of 2nd period - Seth Jones is hit by Miro Heiskanen and loses puck.
9:57 of 2nd period - Mathew Dumba is hit by Miles Wood and loses puck.
10:33 of 2nd period - Icing by Deryk Engelland.
10:34 of 2nd period - Nico Hischier wins face-off versus Jack Eichel in Golden Knights zone.
10:34 of 2nd period - Nico Hischier is hit by Jack Eichel.
10:45 of 2nd period - Viktor Arvidsson is hit by Dougie Hamilton and loses puck.
10:50 of 2nd period - Shot by Calle Jarnkrok.
10:50 of 2nd period - Shot Misses the Net.
11:36 of 2nd period - Shot by Jake Guentzel.
11:36 of 2nd period - Goal by Jake Guentzel - Blues : 1 - Golden Knights : 3.
11:37 of 2nd period - Claude Giroux wins face-off versus Michael Chaput in neutral zone.
11:42 of 2nd period - Martin Necas is hit by Jake Guentzel.
11:48 of 2nd period - Shot by Martin Necas.
11:48 of 2nd period - Stopped by Ilya Samsonov with a rebound.
11:52 of 2nd period - Shot by Martin Necas.
11:52 of 2nd period - Shot Misses the Net.
12:00 of 2nd period - Shot by Martin Necas.
12:00 of 2nd period - Stopped by Ilya Samsonov without a rebound.
12:01 of 2nd period - Mathew Barzal wins face-off versus Christian Dvorak in Golden Knights zone.
12:01 of 2nd period - Mathew Barzal is hit by Christian Dvorak.
12:33 of 2nd period - Shot by Tomas Hertl.
12:33 of 2nd period - Stopped by Brian Elliott without a rebound.
12:34 of 2nd period - Claude Giroux wins face-off versus Jack Eichel in Blues zone.
12:37 of 2nd period - Shot by Artemi Panarin.
12:37 of 2nd period - Shot Misses the Net.
12:44 of 2nd period - Jack Eichel is hit by Tyson Barrie.
13:45 of 2nd period - Icing by Seth Jones.
13:46 of 2nd period - Christian Dvorak wins face-off versus Mathew Barzal in Blues zone.
13:46 of 2nd period - Johnny Gaudreau is hit by Anthony Beauvillier and loses puck.
14:50 of 2nd period - Off-side.
14:51 of 2nd period - Sean Couturier wins face-off versus Riley Sheahan in neutral zone.
14:55 of 2nd period - Anthony Mantha is hit by Deryk Engelland.
15:03 of 2nd period - Shot by Anthony Mantha.
15:03 of 2nd period - Stopped by Ilya Samsonov with a rebound.
15:05 of 2nd period - Shot by Miles Wood.
15:05 of 2nd period - Stopped by Ilya Samsonov without a rebound.
15:06 of 2nd period - Jack Eichel wins face-off versus Nico Hischier in Golden Knights zone.
15:07 of 2nd period - Shot by Dougie Hamilton.
15:07 of 2nd period - Deflect By Jack Eichel.
15:07 of 2nd period - Shot Misses the Net.
15:22 of 2nd period - Jack Eichel is hit by Tyson Barrie and loses puck.
16:55 of 2nd period - Icing by Colin Miller.
16:56 of 2nd period - Sean Couturier wins face-off versus Tomas Hertl in Blues zone.
16:56 of 2nd period - Sean Couturier is hit by Deryk Engelland.
17:13 of 2nd period - Minor Penalty to Tomas Hertl for Tripping.
17:14 of 2nd period - Riley Sheahan wins face-off versus Jack Eichel in Golden Knights zone.
17:47 of 2nd period - Icing by Ryan Pulock.
17:48 of 2nd period - Riley Sheahan wins face-off versus Jack Eichel in Blues zone.
18:31 of 2nd period - Shot by Jordan Staal.
18:31 of 2nd period - Shot Misses the Net.
18:33 of 2nd period - Shot by Seth Jones.
18:33 of 2nd period - Stopped by Ilya Samsonov without a rebound.
18:34 of 2nd period - Jack Eichel wins face-off versus Riley Sheahan in Golden Knights zone.
18:59 of 2nd period - Shot by Seth Jones.
18:59 of 2nd period - Shot Blocked by Zach Werenski.
19:01 of 2nd period - Shot by Seth Jones.
19:01 of 2nd period - Stopped by Ilya Samsonov without a rebound.
19:02 of 2nd period - Sean Couturier wins face-off versus Nico Hischier in Golden Knights zone.
19:15 of 2nd period - Shot by Christian Dvorak.
19:15 of 2nd period - Shot Misses the Net.
Goals for this period are 0 for Blues vs 1 for Golden Knights.
Shots for this period are 9 for Blues vs 5 for Golden Knights.

3rd period


0:01 of 3rd period - Claude Giroux wins face-off versus Jack Eichel in neutral zone.
0:06 of 3rd period - Shot by Mikko Rantanen.
0:06 of 3rd period - Stopped by Ilya Samsonov without a rebound.
0:07 of 3rd period - Claude Giroux wins face-off versus Jack Eichel in Golden Knights zone.
0:07 of 3rd period - Zach Werenski is hit by Jack Eichel and loses puck.
0:32 of 3rd period - Shot by Claude Giroux.
0:32 of 3rd period - Stopped by Brian Elliott without a rebound.
0:33 of 3rd period - Mathew Barzal wins face-off versus Christian Dvorak in Blues zone.
0:39 of 3rd period - Seth Jones is hit by Mathew Dumba and loses puck.
0:46 of 3rd period - Shot by Christian Dvorak.
0:46 of 3rd period - Shot Misses the Net.
0:48 of 3rd period - Shot by Seth Jones.
0:48 of 3rd period - Shot Blocked by Mathew Barzal.
1:13 of 3rd period - Shot by Jordan Staal.
1:13 of 3rd period - Shot Misses the Net.
1:15 of 3rd period - Shot by Jordan Staal.
1:15 of 3rd period - Goal by Jordan Staal - Blues : 2 - Golden Knights : 3.
1:16 of 3rd period - Claude Giroux wins face-off versus Jack Eichel in neutral zone.
1:37 of 3rd period - Shot by Mikko Rantanen.
1:37 of 3rd period - Stopped by Ilya Samsonov without a rebound.
1:38 of 3rd period - Sean Couturier wins face-off versus Nico Hischier in Golden Knights zone.
1:43 of 3rd period - Shot by Sean Couturier.
1:43 of 3rd period - Deflect By Miles Wood.
1:43 of 3rd period - Shot Misses the Net.
1:53 of 3rd period - Icing by Colin Miller.
1:54 of 3rd period - Claude Giroux wins face-off versus Sean Couturier in Blues zone.
2:22 of 3rd period - Shot by Colin Miller.
2:22 of 3rd period - Shot Blocked by Zach Werenski.
2:27 of 3rd period - Artemi Panarin is hit by Anthony Mantha and loses puck.
2:37 of 3rd period - Off-side.
2:38 of 3rd period - Josh Bailey wins face-off versus Mathew Barzal in neutral zone.
2:38 of 3rd period - Josh Bailey is hit by Anthony Beauvillier.
2:41 of 3rd period - Anthony Beauvillier beats up Ryan Pulock.
2:41 of 3rd period - Penalty to Anthony Beauvillier for Fighting.
2:41 of 3rd period - Penalty to Ryan Pulock for Fighting.
2:41 of 3rd period - Mathew Dumba and Dougie Hamilton fight to a draw.
2:41 of 3rd period - Penalty to Mathew Dumba for Fighting.
2:41 of 3rd period - Penalty to Dougie Hamilton for Fighting.
2:41 of 3rd period - Minor Penalty to Miro Heiskanen for Cross-checking.
2:41 of 3rd period - Minor Penalty to Mikko Rantanen for High sticking.
2:41 of 3rd period - Minor Penalty to Tomas Hertl for Hooking.
2:42 of 3rd period - Jack Eichel wins face-off versus Riley Sheahan in Golden Knights zone.
3:43 of 3rd period - Shot by Anthony Mantha.
3:43 of 3rd period - Shot Misses the Net.
4:03 of 3rd period - Shot by Zach Werenski.
4:03 of 3rd period - Stopped by Brian Elliott with a rebound.
4:09 of 3rd period - Shot by Marcus Foligno.
4:09 of 3rd period - Stopped by Brian Elliott with a rebound.
4:11 of 3rd period - Shot by Marcus Foligno.
4:11 of 3rd period - Goal by Marcus Foligno - Blues : 2 - Golden Knights : 4.
4:12 of 3rd period - Sean Couturier wins face-off versus Riley Sheahan in neutral zone.
4:26 of 3rd period - Icing by P.K. Subban.
4:27 of 3rd period - Jack Eichel wins face-off versus Riley Sheahan in Blues zone.
4:32 of 3rd period - Shot by Sean Couturier.
4:32 of 3rd period - Shot Misses the Net.
4:41 of 3rd period - Icing by Sean Couturier.
4:42 of 3rd period - Michael Chaput wins face-off versus Claude Giroux in Blues zone.
6:23 of 3rd period - Off-side.
6:24 of 3rd period - Mathew Barzal wins face-off versus Sean Couturier in neutral zone.
6:53 of 3rd period - Mathew Barzal is hit by Seth Jones.
7:49 of 3rd period - Shot by Calle Jarnkrok.
7:49 of 3rd period - Stopped by Brian Elliott without a rebound.
7:50 of 3rd period - Christian Dvorak wins face-off versus Mathew Barzal in Blues zone.
8:15 of 3rd period - Shot by Christian Dvorak.
8:15 of 3rd period - Stopped by Ilya Samsonov without a rebound.
8:16 of 3rd period - Jack Eichel wins face-off versus Riley Sheahan in Golden Knights zone.
10:03 of 3rd period - Zach Werenski is hit by Miles Wood and loses puck.
10:08 of 3rd period - Shot by Anthony Mantha.
10:08 of 3rd period - Shot Blocked by Tyson Barrie.
10:10 of 3rd period - Shot by Colin Miller.
10:10 of 3rd period - Shot Misses the Net.
10:12 of 3rd period - Shot by Miles Wood.
10:12 of 3rd period - Shot Misses the Net.
10:14 of 3rd period - Shot by Sean Couturier.
10:14 of 3rd period - Shot Misses the Net.
10:17 of 3rd period - Sean Couturier is hit by Tyson Barrie and loses puck.
10:31 of 3rd period - Miles Wood is hit by Zach Werenski and loses puck.
11:43 of 3rd period - Icing by Devon Toews.
11:44 of 3rd period - Nico Hischier wins face-off versus Michael Chaput in Golden Knights zone.
11:44 of 3rd period - Nico Hischier is hit by Michael Chaput.
12:26 of 3rd period - Claude Giroux is hit by P.K. Subban and loses puck.
13:09 of 3rd period - Shot by Riley Sheahan.
13:09 of 3rd period - Stopped by Brian Elliott with a rebound.
13:11 of 3rd period - Shot by Riley Sheahan.
13:11 of 3rd period - Goal by Riley Sheahan - Blues : 2 - Golden Knights : 5.
13:12 of 3rd period - Mathew Barzal wins face-off versus Sean Couturier in neutral zone.
13:24 of 3rd period - Miles Wood is hit by Zach Werenski and loses puck.
14:11 of 3rd period - Shot by Mikko Rantanen.
14:11 of 3rd period - Stopped by Ilya Samsonov with a rebound.
14:19 of 3rd period - Calle Jarnkrok is hit by Jack Eichel and loses puck.
14:25 of 3rd period - Icing by Miro Heiskanen.
14:26 of 3rd period - Nico Hischier wins face-off versus Christian Dvorak in Golden Knights zone.
14:26 of 3rd period - Nico Hischier is hit by Jordan Staal.
14:47 of 3rd period - Seth Jones is hit by Calle Jarnkrok and loses puck.
15:41 of 3rd period - Off-side.
15:42 of 3rd period - Anthony Beauvillier wins face-off versus Sean Couturier in neutral zone.
17:05 of 3rd period - Shot by Mikko Rantanen.
17:05 of 3rd period - Stopped by Ilya Samsonov without a rebound.
17:06 of 3rd period - Michael Chaput wins face-off versus Riley Sheahan in Golden Knights zone.
18:09 of 3rd period - Shot by Artemi Panarin.
18:09 of 3rd period - Stopped by Brian Elliott with a rebound.
18:20 of 3rd period - Jordan Staal is hit by Deryk Engelland.
18:22 of 3rd period - Shot by Johnny Gaudreau.
18:22 of 3rd period - Shot Misses the Net.
18:26 of 3rd period - Shot by Jordan Staal.
18:26 of 3rd period - Stopped by Ilya Samsonov without a rebound.
18:27 of 3rd period - Jack Eichel wins face-off versus Mathew Barzal in Golden Knights zone.
18:30 of 3rd period - Shot by Mikko Rantanen.
18:30 of 3rd period - Stopped by Ilya Samsonov without a rebound.
18:31 of 3rd period - Jack Eichel wins face-off versus Mathew Barzal in Golden Knights zone.
18:44 of 3rd period - Shot by Anthony Beauvillier.
18:44 of 3rd period - Stopped by Brian Elliott with a rebound.
18:46 of 3rd period - Shot by Tyson Barrie.
18:46 of 3rd period - Shot Hit the Post.
19:08 of 3rd period - Shot by Tyson Barrie.
19:08 of 3rd period - Stopped by Brian Elliott without a rebound.
19:09 of 3rd period - Artemi Panarin wins face-off versus Christian Dvorak in Blues zone.
Goals for this period are 1 for Blues vs 2 for Golden Knights.
Shots for this period are 8 for Blues vs 10 for Golden Knights.